Map: Kairos Junction LE

Players

TiPtOP - Winner!

  • Race: Terran Terran
  • League: Silver
  • Spawn Location: 5:00

VOD

Have the link to the VOD?

Description

Time

  • Played on: Aug. 13, 2019, 7:23 a.m.
  • Length: 16:10
Show
View Real Time Build Order
Export as new Build Order

TiPtOP Terran - Winner!

Build Orders:  

Get SALT Encoding   

  12  0:01  SCV  
  13  0:18  SCV  
  14  0:27  Supply Depot  
  14  0:37  SCV  
  15  0:57  SCV  
  16  1:01  Barracks  
  16  1:14  Refinery, SCV  
  17  1:31  SCV  
  18  1:48  SCV  
  19  2:11  Orbital Command  
  19  2:16  Command Center  
  19  2:39  Barracks Reactor  
  19  2:47  SCV  
  20  3:04  SCV  
  20  3:09  Barracks  
  21  3:21  SCV  
  22  3:30  Supply Depot  
  22  3:35  Marine  
  23  3:52  Supply Depot  
  23  3:56  SCV, Marine  
  25  4:00  Marine  
  26  4:11  SCV  
  26  4:13  SCV, Supply Depot  
  26  4:17  Barracks Tech Lab  
  28  4:21  Marine  
  28  4:22  Barracks  
  28  4:28  SCV  
  30  4:32  SCV  
  31  4:45  SCV  
  31  4:47  Stimpack  
  31  4:49  SCV, Marauder  
  35  4:57  Supply Depot  
  35  4:58  Marine x2  
  37  5:11  Refinery  
  37  5:16  SCV  
  38  5:30  Barracks Reactor  
  38  5:33  SCV, Marauder  
  38  5:34  Marine x2  
  38  5:38  SCV  
  44  5:50  SCV  
  44  5:55  SCV  
  46  6:16  Marine x2  
  46  6:17  Marauder  
  50  6:23  Marine x2  
  50  6:29  SCV x2  
  54  6:45  SCV  
  54  6:46  SCV  
  54  6:47  Marauder  
  58  6:54  Supply Depot  
  58  7:02  SCV, Supply Depot  
  58  7:03  SCV  
  58  7:05  Marine x3  
  58  7:06  Marine  
  64  7:17  Marauder  
  66  7:23  SCV  
  66  7:24  SCV  
  66  7:25  Supply Depot  
  68  7:30  Marine x3  
  68  7:31  Marine  
  68  7:37  Unknown  
  72  7:40  SCV  
  72  7:41  SCV  
  72  7:46  Supply Depot  
  72  7:47  Marauder  
  76  7:51  Supply Depot  
  76  7:55  Marine x3  
  76  7:57  Supply Depot  
  79  8:08  Engineering Bay  
  79  8:14  Orbital Command  
  79  8:17  Marauder  
  81  8:28  Supply Depot  
  81  8:35  Marine x3  
  81  8:36  Marine  
  85  8:47  Marauder  
  87  9:00  Refinery, Marine x4  
  87  9:03  Refinery  
  85  9:17  Marauder  
  87  9:28  Supply Depot  
  87  9:34  Factory, Terran Infantry Weapons Level 1  
  87  9:38  Concussive Shells  
  87  9:39  Marine  
  88  9:40  Marine x2  
  88  9:43  Marine  
  88  9:47  Marauder  
  93  10:04  Marine  
  93  10:05  Marine  
  63  10:20  Marine x3  
  95  10:29  Marine x2  
  99  10:39  Factory Reactor  
  99  10:45  Marauder, Starport  
  101  10:55  Supply Depot  
  90  11:15  Marauder  
  85  12:13  Marine x4  
  85  12:14  Marauder  
  91  12:30  Factory Tech Lab  
  91  12:31  Terran Infantry Armor Level 1  
  91  12:38  Marine x3  
  94  12:43  Marine  
  94  12:44  Marauder  
  94  12:45  Barracks  
  94  12:49  Medivac  
  99  12:50  Medivac  
  99  12:58  Siege Tank  
  104  13:03  Marine x2  
  104  13:08  Marine x2  
  108  13:14  Marauder  
  110  13:28  Marine  
  111  13:32  Marine  
  111  13:33  Marine x2  
  114  13:43  Siege Tank  
  114  13:44  Marauder  
  119  13:53  Barracks  
  119  14:13  Marauder  
  121  14:35  Marine x2  
  121  14:36  Marine x2  
  126  14:43  Marauder  
  126  14:45  Barracks Tech Lab  
  125  14:50  Siege Tank  
  128  15:00  Marine  
  129  15:13  Marauder  
  131  15:37  Marine x3  
  131  15:38  Marine x2  
  142  16:02  Supply Depot  
  142  16:05  Supply Depot  
Tags
 
Add a new tag
Caveats
  • Supply blocks, unpowered buildings, or Contaminate may cause inaccurate times.
  • Supply counts are checked every 10 seconds.